 Dungeon Crawl Stone Soup version 0.17-a0-1508-ge7f3dc3 (webtiles) character file.

17133 scylark the Blocker (level 12, -2/107 HPs)
             Began as a Hill Orc Fighter on July 10, 2015.
             Was a High Priest of the Shining One.
             Drowned by a water elemental (10 damage)
             ... on level 13 of the Dungeon.
             The game lasted 00:50:38 (14364 turns).

scylark the Blocker (Hill Orc Fighter)             Turns: 14364, Time: 00:50:38

Health: -2/107     AC: 22    Str: 20 (21) XL:     12   Next: 44%
Magic:  15/18      EV:  6    Int: 10      God:    the Shining One [*****.]
Gold:   715        SH: 22    Dex: 11      Spells: 0 memorised, 11 levels left

rFire  + + +     SeeInvis .     d - +3 mace (protect)
rCold  + . .     Clarity  .     y - +1 plate armour
rNeg   + + .     SustAt   .     c - +0 shield
rPois  .         Gourm    .     g - +1 helmet of Zum Coil {rF+++ Str-3 Int+2 Dex-2}
rElec  +         Spirit   .     b - +1 cloak "Orhasopt" {*Corrode rElec rC+ MR+}
rCorr  .         Warding  .     M - +2 pair of gloves
rMut   .         Stasis   .     h - +0 pair of boots
MR     +....                    D - amulet of regeneration
Stlth  ..........               A - ring of protection from fire
                                f - +3 ring of dexterity

@: divine shield, engulfed (cannot breathe), corroded equipment, glowing,
somewhat resistant to hostile enchantments, extremely unstealthy
A: no striking features
a: Divine Shield, Cleansing Flame, Summon Divine Warrior, Renounce Religion


You were on level 13 of the Dungeon.
You worshipped the Shining One.
The Shining One was extremely pleased with you.
You were near starving.

You visited 1 branch of the dungeon, and saw 13 of its levels.

You collected 832 gold pieces.
You spent 117 gold pieces at shops.

Inventory:

Hand weapons
 d - a +3 mace of protection (weapon)
Missiles
 t - 14 tomahawks (quivered)
Armour
 b - the +1 cloak "Orhasopt" (worn) {*Corrode rElec rC+ MR+}
   (You found it on level 9 of the Dungeon)

   It protects you from cold.
   It insulates you from electricity.
   It affects your resistance to hostile enchantments.
   It may corrode your equipment when you take damage.
 c - a +0 shield (worn)
 g - the +1 helmet of Zum Coil (worn) {rF+++ Str-3 Int+2 Dex-2}
   (You found it on level 12 of the Dungeon)

   It affects your strength (-3).
   It affects your intelligence (+2).
   It affects your dexterity (-2).
   It renders you almost immune to fire.
 h - a +0 pair of boots (worn)
 j - a +0 helmet
 y - a +1 plate armour (worn)
 M - a +2 pair of gloves (worn)
Jewellery
 f - a +3 ring of dexterity (left hand)
 k - a +3 ring of intelligence
 A - a ring of protection from fire (right hand)
 D - an amulet of regeneration (around neck)
Magical devices
 m - a wand of fireball (15)
 x - a wand of magic darts (10)
 B - a wand of hasting (0)
 J - a wand of flame (20)
 K - a wand of slowing (5)
 O - a wand of paralysis (13)
 Q - a wand of digging (9)
 R - a wand of disintegration (19)
 S - a wand of flame (36)
Scrolls
 a - 4 scrolls of recharging
 l - 9 scrolls of remove curse
 n - 12 scrolls of identify
 o - a scroll of enchant armour
 r - 2 scrolls of magic mapping
 s - 3 scrolls of amnesia
 E - 2 scrolls of fear
 H - 4 scrolls of teleportation
Potions
 i - 5 potions of curing
 C - a potion of heal wounds
 F - 3 potions of might
 G - 2 potions of haste
 N - a potion of magic
Books
 p - a book of Ice

   Spells                             Type                      Level
   a - Ice Form                       Ice/Transmutation            4
   b - Metabolic Englaciation         Hexes/Ice                    5
   c - Ozocubu's Refrigeration        Ice                          6
   d - Bolt of Cold                   Conjuration/Ice              6
   e - Freezing Cloud                 Conjuration/Ice/Air          6
   f - Simulacrum                     Ice/Necromancy               6
 v - a book of Annihilations

   Spells                             Type                      Level
   a - Poison Arrow                   Conjuration/Poison           6
   b - Chain Lightning                Conjuration/Air              8
   c - Lehudib's Crystal Spear        Conjuration/Earth            8
   d - Glaciate                       Conjuration/Ice              9
   e - Fire Storm                     Conjuration/Fire             9
 P - a book of Envenomations

   Spells                             Type                      Level
   a - Spider Form                    Transmutation/Poison         3
   b - Alistair's Intoxication        Transmutation/Poison         4
   c - Olgreb's Toxic Radiance        Poison                       4
   d - Poisonous Cloud                Conjuration/Poison/Air       6
   The Shining One disapproves of the use of such an item.
Miscellaneous
 w - a stone of tremors (inert)
Comestibles
 e - 9 bread rations
 q - 5 slices of pizza
 u - 4 beef jerkies
 z - 8 meat rations
 I - 2 fruits
 L - a chunk of flesh


   Skills:
 + Level 10.4 Fighting
   Level 5.2(9.6) Axes
 + Level 10.5(10.8) Maces & Flails
 + Level 9.5 Armour
 - Level 1.6 Dodging
 + Level 0.1 Stealth
 + Level 12.0 Shields
 + Level 8.8 Invocations
 + Level 0.2 Evocations


You had 11 spell levels left.
You didn't know any spells.

Dungeon Overview and Level Annotations

Branches:
Dungeon (13/15)            Temple (0/1) D:5            Lair (0/8) D:11
    Orc (0/4) D:12
 Vaults: D:13-14

Altars:
Ashenzari
Cheibriados
Dithmenos
Fedhas
Gozag
Makhleb
Ru
Vehumet
Zin
The Shining One

Shops:
D:6 [   D:11 [

Annotations:
D:5 Prince Ribbit
D:10 trantor's ghost, experienced HEHu


Message History

* * * LOW HITPOINT WARNING * * *
Your lungs strain for air!
The water elemental hits you.
Read which item? (? for menu, Esc to quit)
You can't read that!
Drink which item? (? for menu, Esc to quit)
You feel much better.
* * * LOW HITPOINT WARNING * * *
Your lungs strain for air!
The water elemental hits you!
* * * LOW HITPOINT WARNING * * *
You hit the water elemental but do no damage.
The water elemental is heavily damaged.
* * * LOW HITPOINT WARNING * * *
Your lungs strain for air!
You block the water elemental's attack.
Use which ability? (? or * to list)
Your shield is strengthened by the Shining One's divine power.
You are near starving!
You die...

.....................≈≈≈≈
....##...#........#≈≈≈≈≈≈
....+....#........≈≈≈≈≈≈≈
....# ......#.....≈≈≈≈≈≈≈
....# #.....#.....≈≈≈≈≈≈≈
.... #§..^.≈≈≈≈≈≈≈ ≈....
#.#####≈≈≈..
≈.....#.######≈≈..
≈≈≈≈≈≈...E@....≈..
≈≈≈≈≈≈≈)########≈#
≈≈≈≈≈≈≈≈# ## ≈≈≈≈≈≈≈≈#
≈≈≈≈≈≈≈≈# ≈≈≈≈≈≈...
≈≈≈≈≈≈... ≈≈≈≈≈....


You could see a water elemental.

Vanquished Creatures
  A hydra (D:12)
  3 unseen horrors
  A manticore (D:12)
  An ugly thing (D:12)
  A cyclops (D:12)
  A centaur skeleton (D:10)
  2 trolls
  Sigmund (D:5)
  A wyvern (D:10)
  4 deep elf magi
  10 yaks
  2 hungry ghosts (D:12)
  4 basilisks (D:11)
  A wraith (D:11)
  2 water moccasins
  Duvessa (D:4)
  4 porcupines (D:11)
  A black bear (D:12)
  A necrophage (D:13)
  An ice beast (D:12)
  2 phantoms
  9 centaurs
  A wasp (D:12)
  3 sky beasts
  3 crocodiles
  The ghost of hackum the Magician, an average DrWz (D:4)
  10 orc warriors
  3 ogres
  A brain worm (D:12)
  11 giant frogs
  2 gnoll sergeants
  4 big kobolds
  Dowan (D:4)
  A scorpion (D:8)
  A troll zombie (D:12)
  14 killer bees
  10 wights
  4 crimson imps
  5 hounds
  2 centaur zombies (D:12)
  3 iguanas
  15 orc priests
  5 jellies
  8 worker ants
  A giant frog zombie (D:12)
  2 gnoll shamans (D:4)
  3 giant frog skeletons
  18 orc wizards
  15 sheep
  6 ogre zombies (D:12)
  A hound zombie (D:9)
  A worker ant zombie (D:10)
  52 gnolls
  16 adders
  3 shadow imps
  An ooze (D:2)
  An adder skeleton (D:8)
  An adder zombie (D:10)
  9 giant geckos
  51 orcs
  2 bat skeletons
  A bat zombie (D:6)
  8 giant cockroaches
  7 goblins
  22 hobgoblins
  26 jackals
  4 quokkas
  5 ball pythons
  12 bats
  10 giant newts
  3 goblin skeletons (D:12)
  2 goblin zombies (D:12)
  A hobgoblin skeleton (D:12)
  2 hobgoblin zombies (D:12)
  36 kobolds
  5 orc skeletons (D:12)
  11 orc zombies (D:12)
  2 quokka skeletons
  19 rats
521 creatures vanquished.

Vanquished Creatures (others)
  A water elemental (D:13)
  A kobold (D:9)
2 creatures vanquished.

Grand Total: 523 creatures vanquished

Notes
Turn   | Place    | Note
--------------------------------------------------------------
     0 | D:1      | scylark the Hill Orc Fighter began the quest for the Orb.
     0 | D:1      | Reached XP level 1. HP: 19/19 MP: 1/1
   212 | D:1      | Reached XP level 2. HP: 27/27 MP: 2/2
   554 | D:1      | Reached XP level 3. HP: 33/33 MP: 3/3
   557 | D:1      | Reached skill level 4 in Fighting
  1394 | D:2      | Found a snail-covered altar of Cheibriados.
  1415 | D:2      | Reached XP level 4. HP: 40/40 MP: 4/4
  1470 | D:2      | Found a shattered altar of Ashenzari.
  1675 | D:2      | Reached skill level 1 in Dodging
  1930 | D:3      | Found a burning altar of Makhleb.
  1967 | D:3      | Found a faded altar to an unknown god.
  1976 | D:3      | Reached XP level 5. HP: 42/47 MP: 5/5
  2015 | D:3      | Found a sacrificial altar of Ru.
  2150 | D:3      | You fall through a shaft for 3 floors!
  2234 | D:6      | Noticed a centaur
  2242 | D:6      | Found Woh Hedu's Armour Shoppe.
  2267 | D:6      | Killed a centaur
  2267 | D:6      | Reached skill level 5 in Armour
  2267 | D:6      | Reached XP level 6. HP: 38/53 MP: 6/6
  2399 | D:5      | Entered Level 5 of the Dungeon
  2399 | D:5      | Noticed Prince Ribbit
  2444 | D:6      | Noticed a centaur
  2500 | D:6      | Reached skill level 5 in Shields
  2538 | D:6      | Found a glowing golden altar of the Shining One.
  2541 | D:6      | Became a worshipper of the Shining One
  3078 | D:4      | Noticed hackum's ghost (average DrWz)
  3095 | D:4      | Killed hackum's ghost
  3095 | D:4      | Reached XP level 7. HP: 49/60 MP: 7/7
  3171 | D:4      | Reached skill level 5 in Axes
  3295 | D:3      | Reached skill level 5 in Fighting
  3427 | D:3      | Found a glowing silver altar of Zin.
  3716 | D:4      | Reached skill level 1 in Invocations
  3735 | D:4      | Found a shadowy altar of Dithmenos.
  3857 | D:4      | Reached skill level 1 in Maces & Flails
  4400 | D:4      | Noticed Dowan
  4401 | D:4      | Noticed Duvessa
  4423 | D:4      | Killed Duvessa
  4441 | D:4      | Killed Dowan
  4441 | D:4      | Reached skill level 6 in Shields
  4441 | D:4      | Reached XP level 8. HP: 33/69 MP: 9/9
  4806 | D:4      | Acquired the Shining One's first power
  5729 | D:5      | Noticed Sigmund
  5746 | D:5      | Killed Sigmund
  5746 | D:5      | Reached skill level 7 in Shields
  5746 | D:5      | Reached XP level 9. HP: 63/75 MP: 12/12
  5834 | D:5      | Reached skill level 5 in Maces & Flails
  6157 | D:5      | Found a staircase to the Ecumenical Temple.
  6266 | D:5      | Reached skill level 5 in Invocations
  6507 | D:5      | Acquired the Shining One's second power
  6952 | D:6      | Noticed an orc warrior
  6970 | D:6      | Noticed a centaur
  7517 | D:6      | Killed an orc warrior
  7706 | D:6      | Killed a centaur
  7757 | D:6      | Reached skill level 8 in Shields
  7793 | D:6      | Killed a centaur
  7803 | D:6      | Reached XP level 10. HP: 71/86 MP: 14/14
  9093 | D:8      | Found a blossoming altar of Fedhas.
  9486 | D:8      | Noticed an unseen horror
  9511 | D:8      | Killed an unseen horror
  9511 | D:8      | Reached skill level 9 in Shields
 10341 | D:9      | Found a radiant altar of Vehumet.
 10343 | D:9      | Found an opulent altar of Gozag.
 10511 | D:9      | Reached XP level 11. HP: 85/95 MP: 17/17
 10552 | D:9      | Got a heavily runed cloak
 10563 | D:9      | Identified the +1 cloak "Orhasopt" {*Corrode rElec rC+ MR+} (You found it on level 9 of the Dungeon)
 10830 | D:10     | Entered Level 10 of the Dungeon
 10887 | D:9      | Reached skill level 10 in Shields
 11207 | D:10     | Acquired the Shining One's third power
 11555 | D:10     | Noticed trantor's ghost (experienced HEHu)
 12132 | D:11     | Found a staircase to the Lair.
 12452 | D:11     | Found Siulez's Antique Armour Shoppe.
 12458 | D:11     | Noticed an unseen horror
 12479 | D:11     | Killed an unseen horror
 12479 | D:11     | Reached skill level 11 in Shields
 12482 | D:11     | Bought a pair of runed gloves for 117 gold pieces
 12919 | D:12     | Acquired the Shining One's fourth power
 13020 | D:12     | Found a staircase to the Orcish Mines.
 13033 | D:12     | Noticed an unseen horror
 13059 | D:12     | Killed an unseen horror
 13059 | D:12     | Reached skill level 10 in Fighting
 13059 | D:12     | Reached XP level 12. HP: 93/106 MP: 18/18
 13195 | D:12     | Got a dazzling helmet
 13206 | D:12     | Identified the +1 helmet of Zum Coil {rF+++ Str-3 Int+2 Dex-2} (You found it on level 12 of the Dungeon)
 13291 | D:12     | Reached skill level 10 in Maces & Flails
 13296 | D:12     | Noticed an eight-headed hydra
 13319 | D:12     | Killed an eight-headed hydra
 13653 | D:12     | Found an opulent altar of Gozag.
 14194 | D:13     | Reached skill level 12 in Shields
 14364 | D:13     | Drowned by a water elemental

Vault maps used:
D:1:      nicolae_arrival_washed_ashore
D:2:      cheibriados_altar_1, ashenzari_altar_1
D:3:      nicolae_ru_sacrificial_ziggurat, lemuel_doored_altar, first_bread,
          ecumenical_altar_2, minmay_fountain_box, bloody_makhleb
D:4:      lemuel_castle_with_subvaults, grunt_dithmenos_smoke,
          minmay_small_thing, uniq_duvessa
D:5:      minmay_temple_entry_water_ring, uniq_prince_ribbit1, uniq_sigmund
D:6:      kennysheep_housing_project, tso_oasis_becter, serial_shops, shop
D:7:      hangedman_decor_diamond_cutter
D:8:      kennysheep_mini_moat, serial_bayou_pond_c, grunt_pizzeria
D:9:      nicolae_overflow_hidden_temple
D:11:     minmay_lair_entry_grove, serial_shops, nicolae_shop_statue_plus
D:12:     zombieorc2_lemuel, basic_altar

Action                   |  1- 3 |  4- 6 |  7- 9 | 10-12 || total
-------------------------+-------+-------+-------+-------++-------
Melee: War axe           |   127 |   302 |    10 |       ||   439
       Mace              |       |       |   710 |  1291 ||  2001
Invok: Divine Shield     |       |       |       |     7 ||     7
       Cleansing Flame   |       |       |       |     2 ||     2
Evoke: Wand              |       |       |       |     1 ||     1
       Stone of tremors  |       |       |       |     1 ||     1
  Use: Scroll            |       |     6 |     5 |     8 ||    19
       Potion            |       |     4 |     2 |     7 ||    13
 Stab: Distracted        |       |       |     1 |       ||     1
  Eat: Chunk             |     2 |     4 |    13 |    20 ||    39
       Meat ration       |       |     1 |       |       ||     1
       Pizza             |       |       |       |     7 ||     7
